 Dungeon Crawl Stone Soup version 0.20-a0-1065-g8446734 (webtiles) character file.

2248 Lochraine the Merchant of Misery (level 9, 0/55 HPs)
             Began as a Kobold Arcane Marksman on Apr 28, 2017.
             Was a Believer of Kikubaaqudgha.
             Slain by an orc warrior
             ... wielding a +0 short sword
              (11 damage)
             ... on level 8 of the Dungeon.
             The game lasted 00:27:38 (10103 turns).

Lochraine the Merchant of Misery (KoAM)            Turns: 10103, Time: 00:27:39

Health: 0/55       AC:  9    Str: 10    XL:     9   Next: 63%
Magic:  7/10       EV: 16    Int: 16    God:    Kikubaaqudgha [**....]
Gold:   430        SH:  0    Dex: 17    Spells: 1/10 levels left

rFire    . . .     SeeInvis .   b - +3 rapier (drain)
rCold    + . .     Gourm    .   (shield restricted)
rNeg     . . .     Faith    .   F - +0 ring mail
rPois    .         Spirit   .   (no helmet)
rElec    .         Reflect  .   C - +0 cloak
rCorr    .         Harm     .   E - +0 pair of gloves
MR       .....                  r - +1 pair of boots
Stlth    +.........             (no amulet)
Regen    1.2/turn               J - ring of protection from cold
MPRegen  0.2/turn               s - +3 ring of strength

@: regenerating
A: carnivore 3
a: Receive Corpses, Renounce Religion


You were on level 8 of the Dungeon.
You worshipped Kikubaaqudgha.
Kikubaaqudgha was pleased with you.
You were very full.

You visited 1 branch of the dungeon, and saw 9 of its levels.

You collected 430 gold pieces.

Inventory:

Hand Weapons
 a - a +0 hand crossbow
 b - a +3 rapier of draining (weapon)
 n - a +0 quarterstaff of pain
 y - a +0 short sword
Missiles
 d - 8 bolts
Armour
 r - a +1 pair of boots (worn)
 x - a +0 robe of cold resistance
 C - a +0 cloak (worn)
 E - a +0 pair of gloves (worn)
 F - a +0 ring mail (worn)
Jewellery
 h - an uncursed ring of positive energy
 s - a +3 ring of strength (right hand)
 J - a ring of protection from cold (left hand)
Wands
 j - a wand of iceblast (6/15)
 G - a wand of lightning (0/15)
 I - a wand of polymorph (0/24)
Scrolls
 e - a scroll of recharging {unknown}
 g - 8 scrolls of identify
 l - 4 scrolls of remove curse
 o - 2 scrolls of amnesia
 q - 4 scrolls of teleportation
 w - a scroll of immolation
 A - a scroll of magic mapping
 B - a scroll of fear
Potions
 k - 2 potions of lignification
 m - a potion of magic {unknown}
 t - 3 potions of flight {unknown}
 u - 3 potions of invisibility {unknown}
 v - a potion of resistance {unknown}
 z - a potion of haste {unknown}
 D - 2 potions of might
Books
 c - a book of Debilitation

   Spells                             Type                      Level
   a - Corona                         Hexes                        1
   b - Slow                           Hexes                        2
   c - Inner Flame                    Hexes/Fire                   3
   d - Portal Projectile              Hexes/Translocation          3
   e - Cause Fear                     Hexes                        4
   f - Leda's Liquefaction            Hexes/Earth                  4
 p - Kikubaaqudgha's Guide on Unholy Magic
   (Kikubaaqudgha gifted it to you on level 5 of the Dungeon)

   Spells                             Type                      Level
   a - Pain                           Necromancy                   1
   b - Corpse Rot                     Necromancy                   2
   c - Sublimation of Blood           Necromancy                   2
   d - Regeneration                   Charms/Necromancy            3
   e - Control Undead                 Necromancy                   4
 H - a book of Cantrips

   Spells                             Type                      Level
   a - Confusing Touch                Hexes                        1
   b - Animate Skeleton               Necromancy                   1
   c - Summon Small Mammal            Summoning                    1
   d - Apportation                    Translocation                1
Comestibles
 f - 4 meat rations
 i - 5 royal jellies


   Skills:
 - Level 6.2 Fighting
 + Level 6.5 Short Blades
 - Level 2.1 Staves
 - Level 3.7 Crossbows
 + Level 5.7 Dodging
 - Level 1.1 Spellcasting
 - Level 3.8 Hexes
 + Level 2.0 Charms
 + Level 6.5 Necromancy


You had one spell level left.
You knew the following spells:

 Your Spells              Type           Power        Failure   Level  Hunger
a - Pain                  Necr           ###.         4%          1    ##.....
b - Slow                  Hex            ##......     19%         2    ###....
c - Corpse Rot            Necr           N/A          6%          2    ###....
d - Corona                Hex            ##.....      12%         1    ##.....
e - Regeneration          Chrm/Necr      ##........   30%         3    ####...


Dungeon Overview and Level Annotations

Branches:
Dungeon (9/15)             Temple (0/1) D:6            Lair (0/6) D:8
    Orc: D:9-12

Altars:
Ashenzari
Elyvilon
Kikubaaqudgha
Zin
The Shining One

Annotations:
D:4 Grinder
D:5 Wendigo's ghost, novice DsFi
D:7 Paps's ghost, novice TrCK


Innate Abilities, Weirdness & Mutations

You are small and have problems with some larger weapons.
You are carnivorous and can eat meat at any time.


Message History

Aiming: Polymorph (will waste charges)
Press: ? - help, Shift-Dir - straight line, f/p - orc warrior
Aim: an orc warrior, wielding a short sword and wearing a plate armour (fleeing, chance to defeat MR: 46%)
Your attack snaps the orc warrior out of its fear.
The orc warrior resists with some effort.
Evoking this partially-identified wand wasted a few charges.
Evoke which item? (* to show all) (? for menu, Esc to quit)
Aiming: Polymorph (will waste charges)
Press: ? - help, Shift-Dir - straight line, f/p - orc warrior
Aim: an orc warrior, wielding a short sword and wearing a plate armour (chance to defeat MR: 46%)
The orc warrior resists with some effort.
Evoking this partially-identified wand wasted a few charges.
Evoke which item? (* to show all) (? for menu, Esc to quit)
Aiming: Polymorph (will waste charges)
Press: ? - help, Shift-Dir - straight line, f/p - orc warrior
Aim: an orc warrior, wielding a short sword and wearing a plate armour (chance to defeat MR: 46%) Nothing appears to happen.
The orc warrior hits you with a short sword!
You die...
Kikubaaqudgha rasps: "You have failed me!
Welcome... death!"

#..#####..## #.....# ..## ####
#....## .## ##....## .##
###########......##
..#######.................#####
......................#..>....##
##.####......#####...#####.....#
### ###......##....# ###...#
#### #.......@o...## #...#
...######.....#####...# #...#
.....)##.....## ##..## ##...#
.##..........## #...####...##
####......#...## ##...#...###
.........####..# ##.....##
........## #..## ##.<.##
######### ##..# ##..### ## #..#
##...####.


You could see an orc warrior.

Vanquished Creatures
  Sigmund (D:3)
  Eustachio (D:5)
  An ice beast (D:9)
  A phantom (D:8)
  An orc warrior (D:9)
  A black bear (D:7)
  4 ogres
  A centaur (D:6)
  2 bullfrogs (D:7)
  A big kobold (D:7)
  A scorpion (D:7)
  4 killer bees (D:7)
  A howler monkey (D:4)
  A crimson imp (D:6)
  A quasit (D:6)
  A bullfrog zombie (D:5)
  3 jellies
  A gnoll shaman (D:4)
  3 hounds
  A bullfrog skeleton (D:9)
  An orc wizard (D:7)
  3 worker ants (D:4)
  A hound skeleton (D:6)
  A hound zombie (D:9)
  2 howler monkey zombies
  8 gnolls
  6 adders
  An ooze (D:2)
  A worm (D:2)
  8 leopard geckos
  6 orcs
  5 bats
  8 giant cockroaches
  6 hobgoblins
  16 jackals
  4 quokkas
  7 frilled lizards
  2 goblins
  9 kobolds
  A leopard gecko skeleton (D:4)
  5 rats
132 creatures vanquished.

Vanquished Creatures (others)
  An ice beast (D:6)
  A bullfrog (D:6)
2 creatures vanquished.

Grand Total: 134 creatures vanquished

Notes
Turn   | Place    | Note
-------+----------+-------------------------------------------
     0 | D:1      | Lochraine the Kobold Arcane Marksman began the quest for the Orb.
     0 | D:1      | Reached XP level 1. HP: 12/12 MP: 2/2
   310 | D:1      | Reached XP level 2. HP: 17/17 MP: 3/3
   366 | D:1      | Found a glowing golden altar of the Shining One.
  1354 | D:2      | Reached XP level 3. HP: 9/21 MP: 4/4
  1530 | D:2      | Learned a level 2 spell: Slow
  2172 | D:2      | Reached XP level 4. HP: 24/27 MP: 0/5
  2566 | D:3      | Reached skill level 1 in Short Blades
  2689 | D:3      | Found a shattered altar of Ashenzari.
  2980 | D:3      | Found a glowing silver altar of Zin.
  3301 | D:3      | Found an ancient bone altar of Kikubaaqudgha.
  3302 | D:3      | Noticed Sigmund
  3355 | D:3      | Became a worshipper of Kikubaaqudgha
  3537 | D:4      | Reached XP level 5. HP: 21/31 MP: 6/6
  4035 | D:4      | Noticed Grinder
  4057 | D:3      | Killed Sigmund
  4057 | D:3      | Reached skill level 1 in Staves
  4057 | D:3      | Reached XP level 6. HP: 37/37 MP: 7/7
  4468 | D:4      | Found a glowing golden altar of the Shining One.
  4862 | D:4      | Reached XP level 7. HP: 35/42 MP: 8/8
  5071 | D:4      | Found a white marble altar of Elyvilon.
  5760 | D:5      | Entered Level 5 of the Dungeon
  6315 | D:5      | Noticed Eustachio
  6409 | D:5      | Killed Eustachio
  6409 | D:5      | Reached XP level 8. HP: 21/48 MP: 9/9
  6720 | D:5      | Reached * piety under Kikubaaqudgha
  6720 | D:5      | Identified Kikubaaqudgha's Guide on Unholy Magic (Kikubaaqudgha gifted it to you on level 5 of the Dungeon)
  6720 | D:5      | Received a gift from Kikubaaqudgha
  6800 | D:5      | Noticed Wendigo's ghost (novice DsFi)
  6894 | D:6      | Learned a level 2 spell: Corpse Rot
  6928 | D:6      | Reached skill level 5 in Necromancy
  7164 | D:6      | Reached skill level 5 in Fighting
  7188 | D:6      | Found a staircase to the Ecumenical Temple.
  8019 | D:7      | Reached skill level 5 in Short Blades
  8233 | D:7      | Reached XP level 9. HP: 55/55 MP: 7/10
  8236 | D:7      | Learned a level 1 spell: Pain
  8590 | D:7      | Learned a level 3 spell: Regeneration
  8617 | D:7      | Reached skill level 5 in Dodging
  8638 | D:7      | Reached ** piety under Kikubaaqudgha
  8638 | D:7      | Reached skill level 1 in Charms
  8915 | D:7      | Noticed Paps's ghost (novice TrCK)
  9455 | D:8      | Found a staircase to the Lair.
  9498 | D:8      | Got a warped scale mail
  9517 | D:8      | Identified the cursed +0 scale mail of Wisdom {rN+} (You found it on level 8 of the Dungeon)
 10069 | D:8      | HP: 1/55 [orc warrior/short sword (7)]
 10103 | D:8      | Slain by an orc warrior

Vault maps used:
D:1:      dpeg_arrival_prison, tso_metal_star
D:2:      st_stairs_14
D:3:      overflow_temple_1_default, zin_scriptorium, ashenzari_altar_1,
          uniq_sigmund
D:4:      kennysheep_ying_yang, marbit_many_paths, first_bread,
          hangedman_feature_mirror, feat_on_display, uniq_grinder
D:5:      uniq_eustachio
D:6:      minmay_temple_entry_water_ring, lemuel_old_faithful
D:8:      lair_entry_dummy
D:9:      special_room

Skill      XL: |  1  2  3  4  5  6  7  8  9 |
---------------+----------------------------+-----
Fighting       | 2 3 4 5 6 |  6.2
Crossbows      | 3 |  3.7
Short Blades   | 1 3 5 6 |  6.5
Staves         | 1 2 |  2.1
Necromancy     | 2 3 4 5 6 |  6.5
Dodging        | 4 5 |  5.7
Charms         | 2 |  2.0
Spellcasting   | |  1.1
Hexes          | |  3.8

Action                   |  1- 3 |  4- 6 |  7- 9 || total
-------------------------+-------+-------+-------++-------
Melee: Short sword       |    26 |    87 |       ||   113
       Quarterstaff      |       |    43 |    35 ||    78
       Rapier            |       |       |   438 ||   438
 Fire: Hand crossbow     |    81 |    35 |     3 ||   119
 Cast: Slow              |     3 |     4 |     3 ||    10
       Pain              |       |       |     5 ||     5
       Regeneration      |       |       |     1 ||     1
       Corpse Rot        |       |       |     1 ||     1
Evoke: Wand              |       |       |    10 ||    10
  Use: Scroll            |       |     5 |    13 ||    18
       Potion            |       |     5 |     6 ||    11
  Eat: Chunk             |    12 |     9 |    17 ||    38
Armor: Robe              |    14 |     3 |       ||    17
       Scale mail        |       |    50 |    83 ||   133
       Skin              |       |       |    83 ||    83
       Ring mail         |       |       |   110 ||   110
Dodge: Dodged            |    52 |    91 |   333 ||   476
